Map: Catalyst LE

Players

SamuraiFunn - Winner!

  • Race: Protoss Protoss
  • Spawn Location: 5:00

DemcruZ

  • Race: Protoss Protoss
  • League: Gold
  • Spawn Location: 11:00

VOD

Have the link to the VOD?

Description

Time

  • Played on: Nov. 25, 2017, 12:45 p.m.
  • Length: 15:01
Show
View Real Time Build Order
Export as new Build Order

SamuraiFunn Protoss - Winner!

Build Orders:  

Get SALT Encoding   

  12  0:00  Probe  
  13  0:13  Probe  
  14  0:24  Pylon  
  14  0:25  Probe  
  15  0:39  Assimilator  
  15  0:42  Probe  
  16  0:46  Gateway  
  16  0:54  Probe (Chrono Boost)  
  18  1:05  Probe (Chrono Boost)  
  18  1:08  Probe  
  19  1:20  Probe  
  19  1:21  Gateway  
  20  1:31  Pylon  
  20  1:36  Probe  
  20  1:38  Zealot  
  23  1:48  Cybernetics Core  
  23  1:54  Probe  
  24  2:01  Assimilator  
  24  2:06  Probe  
  25  2:35  Warp Gate (Chrono Boost)  
  25  2:38  Probe  
  26  3:01  Adept x2  
  26  3:03  Nexus  
  30  3:08  Pylon  
  30  3:25  Twilight Council  
  30  3:28  Probe  
  31  3:43  Gateway  
  31  3:50  Adept x2  
  35  3:58  Probe  
  36  4:06  Charge  
  36  4:12  Robotics Facility  
  36  4:15  Probe x2  
  38  4:23  Assimilator  
  38  4:33  Probe x2  
  38  4:34  Pylon  
  38  4:37  Pylon  
  40  4:45  Probe x2  
  42  4:50  Stalker  
  42  4:51  Stalker  
  46  4:53  Assimilator  
  46  4:56  Zealot  
  48  5:00  Observer  
  49  5:14  Probe x2  
  51  5:22  Observer  
  51  5:26  Probe x2  
  51  5:27  Zealot  
  51  5:28  Zealot  
  58  5:35  Zealot  
  58  5:38  Probe  
  58  5:39  Probe  
  62  5:50  Observer  
  62  5:51  Probe x2  
  65  6:03  Probe x2  
  67  6:06  Pylon  
  67  6:11  Forge  
  67  6:13  Forge  
  67  6:15  Probe x2  
  67  6:16  Gateway  
  67  6:17  Gateway  
  69  6:24  Immortal  
  73  6:27  Zealot x2  
  77  6:34  Probe  
  77  6:37  Pylon  
  77  6:39  Pylon  
  78  6:55  Probe  
  79  7:23  Warp Prism  
  79  7:27  Stalker  
  79  7:28  Stalker x2  
  87  7:31  Probe x2  
  89  7:47  Nexus, Assimilator  
  89  7:50  Assimilator  
  89  7:51  Pylon  
  85  7:52  Pylon  
  85  7:53  Pylon  
  85  7:59  Warp Prism  
  87  8:13  Stalker x2  
  87  8:14  Stalker  
  87  8:15  Gateway  
  87  8:16  Gateway  
  87  8:18  Gateway  
  92  8:33  Probe x2  
  94  8:48  Stalker  
  94  8:49  Stalker x2  
  100  8:59  Probe x2  
  103  9:02  Probe, Pylon  
  103  9:10  Pylon  
  103  9:11  Probe  
  103  9:13  Stalker x3  
  110  9:29  Stalker x2  
  110  9:30  Stalker  
  114  9:38  Probe x3  
  117  9:47  Stalker  
  117  9:48  Stalker x2  
  117  9:50  Probe x3  
  117  9:51  Protoss Ground Weapons Level 1  
  125  10:03  Zealot x2  
  125  10:04  Zealot  
  131  10:13  Robotics Facility  
  131  10:15  Robotics Facility  
  130  10:37  Stalker x2  
  130  10:38  Stalker x4  
  130  10:39  Stalker x2  
  146  11:00  Pylon x2  
  146  11:02  Pylon  
  146  11:03  Pylon  
  146  11:06  Observer  
  146  11:07  Observer  
  146  11:18  Immortal  
  146  11:19  Protoss Shields Level 1  
  146  11:25  Blink (Chrono Boost)  
  150  11:30  Probe x2  
  150  11:31  Probe  
  153  11:34  Stalker  
  153  11:35  Stalker x3  
  153  11:36  Stalker  
  153  11:37  Stalker x2  
  153  11:38  Stalker  
  169  11:42  Probe  
  169  11:46  Protoss Ground Armor Level 1  
  170  11:58  Observer  
  171  12:19  Observer  
  142  12:36  Stalker x5  
  142  12:37  Stalker x3  
  136  12:42  Immortal x3  
  146  13:10  Stalker x4  
  146  13:11  Stalker x4  
  162  13:21  Immortal x3  
  174  13:43  Robotics Bay  
  174  13:48  Dark Shrine  
  174  13:57  Stalker x3  
  174  13:58  Nexus  
  174  13:59  Assimilator  
  180  14:03  Assimilator  
  180  14:08  Pylon  
  180  14:09  Pylon  
Show
View Real Time Build Order
Export as new Build Order

DemcruZ Protoss 

Build Orders: Colossus Rush 

Get SALT Encoding   

  12  0:01  Probe  
  13  0:13  Probe  
  14  0:24  Pylon  
  14  0:29  Probe  
  15  0:45  Gateway  
  15  0:49  Probe (Chrono Boost)  
  16  0:56  Assimilator  
  16  1:00  Probe (Chrono Boost)  
  17  1:05  Assimilator  
  17  1:15  Probe (Chrono Boost)  
  18  1:27  Probe (Chrono Boost)  
  20  1:33  Probe (Chrono Boost)  
  20  1:37  Cybernetics Core  
  20  1:45  Probe  
  21  1:54  Pylon  
  21  1:57  Probe  
  22  2:12  Zealot  
  22  2:15  Warp Gate (Chrono Boost)  
  24  2:36  Gateway  
  24  2:37  Gateway  
  24  2:39  Stalker  
  24  2:42  Probe  
  27  3:02  Robotics Facility  
  27  3:09  Probe  
  28  3:19  Stalker  
  30  3:21  Probe  
  31  3:35  Pylon  
  31  3:53  Stalker x2  
  35  4:00  Nexus  
  35  4:20  Pylon  
  35  4:22  Robotics Bay  
  35  4:26  Observer (Chrono Boost)  
  35  4:29  Probe  
  37  4:44  Probe  
  38  4:56  Probe  
  38  4:57  Shield Battery, Stalker x3  
  45  5:03  Pylon  
  45  5:16  Probe  
  46  5:22  Probe  
  46  5:25  Colossus (Chrono Boost)  
  53  5:33  Probe (Chrono Boost)  
  55  5:35  Probe (Chrono Boost)  
  57  5:47  Probe x2 (Chrono Boost)  
  57  5:49  Twilight Council  
  57  5:53  Probe  
  58  5:57  Probe  
  58  5:59  Pylon  
  59  6:05  Probe  
  59  6:08  Stalker  
  59  6:09  Probe  
  63  6:18  Forge  
  63  6:23  Probe (Chrono Boost)  
  65  6:29  Assimilator  
  65  6:30  Probe (Chrono Boost)  
  65  6:32  Pylon  
  66  6:35  Probe (Chrono Boost)  
  66  6:36  Probe (Chrono Boost), Stalker x2  
  71  6:41  Shield Battery  
  71  6:43  Probe  
  72  6:49  Probe  
  72  6:52  Protoss Ground Armor Level 1 (Chrono Boost)  
  73  7:00  Colossus (Chrono Boost)  
  73  7:08  Stalker x2  
  73  7:09  Stalker  
  73  7:11  Probe  
  80  7:17  Probe  
  81  7:25  Blink (Chrono Boost)  
  81  7:27  Probe  
  82  7:33  Pylon  
  82  7:34  Probe  
  83  7:43  Probe  
  84  7:44  Observer  
  85  7:52  Stalker x2  
  85  7:53  Stalker  
  90  8:05  Pylon  
  90  8:10  Observer  
  90  8:20  Stalker x2  
  90  8:23  Probe x2  
  90  8:26  Assimilator  
  96  8:28  Nexus  
  96  8:33  Pylon  
  96  8:35  Probe x2  
  96  8:36  Protoss Ground Weapons Level 1 (Chrono Boost)  
  98  8:48  Probe  
  99  8:54  Stalker x2  
  103  9:03  Pylon  
  103  9:05  Probe  
  104  9:12  Probe  
  104  9:15  Stalker  
  107  9:31  Probe  
  108  9:53  Probe  
  108  9:55  Stalker x3  
  108  9:58  Probe  
  108  9:59  Probe  
  117  10:02  Assimilator  
  117  10:05  Probe  
  118  10:12  Probe  
  119  10:19  Probe  
  119  10:20  Probe  
  121  10:24  Probe  
  121  10:27  Gateway x2  
  122  10:30  Gateway, Assimilator  
  122  10:33  Gateway  
  122  10:35  Probe, Templar Archives  
  122  10:39  Probe  
  124  10:48  Photon Cannon  
  124  10:50  Probe  
  124  10:52  Photon Cannon  
  124  10:57  Photon Cannon, Probe  
  126  11:02  Probe  
  127  11:05  Protoss Ground Armor Level 2 (Chrono Boost)  
  127  11:07  Pylon  
  127  11:08  Charge (Chrono Boost)  
  127  11:12  Stalker  
  127  11:13  Stalker x2  
  133  11:28  Pylon, Warp Prism  
  133  11:31  Probe, Pylon  
  136  11:37  Pylon  
  136  11:40  Psionic Storm  
  136  11:50  Shield Battery  
  136  11:56  Pylon  
  136  11:58  High Templar, Pylon  
  136  12:00  Probe  
  139  12:03  Probe  
  140  12:12  Stalker x4  
  101  12:36  Stalker x4  
  77  12:41  High Templar  
  49  12:53  Stalker x2  
  53  13:01  High Templar  
  53  13:05  Zealot  
  57  13:06  Probe x2  
  59  13:16  Stalker x2  
  59  13:17  Stalker  
  59  13:18  Probe  
  66  13:23  Probe  
  64  13:29  Gateway  
  64  13:30  Probe  
  64  13:32  Gateway  
  64  13:35  Probe, Gateway  
  64  13:37  Gateway  
  64  13:41  Gateway  
  65  13:42  Nexus  
  65  13:50  Pylon  
  65  13:51  Stalker  
  65  13:52  Stalker  
  65  13:55  Stalker  
  71  13:56  Probe x2  
  73  14:08  Probe  
  74  14:10  Probe  
  74  14:12  Pylon  
  75  14:18  Pylon  
  75  14:19  High Templar  
  75  14:20  High Templar x2, Pylon, Probe  
  75  14:23  Probe  
Tags
 
League
Gold
Matchup
PvP
Replay Pack
First 100 games
Spawn Locations
Cross Positions
Add a new tag
Caveats
  • Supply blocks, unpowered buildings, or Contaminate may cause inaccurate times.
  • Supply counts are checked every 10 seconds.